 Dungeon Crawl Stone Soup version 0.20.1-1-g8b1a95d (webtiles) character file.

252 empire the Firebug (level 5, -1/35 HPs)
             Began as a Mummy Fire Elementalist on Sept 15, 2017.
             Slain by an orc
             ... wielding a +0 falchion
              (2 damage)
             ... on level 2 of the Dungeon.
             The game lasted 00:08:42 (4010 turns).

empire the Firebug (Mummy Fire Elementalist)        Turns: 4010, Time: 00:08:42

Health: -1/35      AC:  3    Str: 12    XL:     5   Next: 89%
Magic:  0/10       EV: 12    Int: 15    God:
Gold:   93         SH:  0    Dex: 12    Spells: 1/11 levels left

rFire    x . .     SeeInvis .   a - +0 dagger
rCold    + . .     Gourm    .   (no shield)
rNeg     + + +     Faith    .   f - +0 robe
rPois    ∞         Spirit   .   e - +0 helmet
rElec    .         Reflect  .   (no cloak)
rCorr    .         Harm     .   (no gloves)
MR       .....                  (no boots)
Stlth    ++........             (no amulet)
Regen    0.2/turn               c - ring of flight
MPRegen  0.2/turn               (no ring)

@: very slightly contaminated
A: no food or potions, fire vulnerability, cold resistance 1, negative energy
resistance 3, torment resistance, unbreathing
a: Evoke Flight


You were on level 2 of the Dungeon.
You were not hungry.

You visited 1 branch of the dungeon, and saw 3 of its levels.

You collected 93 gold pieces.

Inventory:

Hand Weapons
 a - a +0 dagger (weapon)
 b - a +0 dagger of venom
Armour
 e - a +0 helmet (worn)
 f - a +0 robe (worn)
Jewellery
 c - a ring of flight (left hand)
Scrolls
 d - 2 scrolls of remove curse
 g - 2 scrolls of recharging {unknown}
 h - a scroll of enchant weapon {unknown}
 j - a scroll of amnesia {unknown}
 k - 2 scrolls of identify {unknown}
Books
 i - a book of Flames

   Spells                             Type                      Level
   a - Flame Tongue                   Conjuration/Fire             1
   b - Throw Flame                    Conjuration/Fire             2
   c - Conjure Flame                  Conjuration/Fire             3
   d - Inner Flame                    Hexes/Fire                   3
   e - Sticky Flame                   Conjuration/Fire             4
   f - Fireball                       Conjuration/Fire             5


   Skills:
 - Level 1.5 Dodging
 - Level 1.5 Stealth
 + Level 3.7 Spellcasting
 + Level 3.1 Conjurations
 + Level 4.0 Fire Magic


You had one spell level left.
You knew the following spells:

 Your Spells              Type           Power        Failure   Level  Hunger
a - Flame Tongue          Conj/Fire      ##...        4%          1    N/A
b - Throw Flame           Conj/Fire      ##....       6%          2    N/A
c - Conjure Flame         Conj/Fire      ##......     12%         3    N/A
d - Sticky Flame          Conj/Fire      ##......     38%         4    N/A

Dungeon Overview and Level Annotations

Branches:
Dungeon (3/15)

Altars:
Kikubaaqudgha
Makhleb


Innate Abilities, Weirdness & Mutations

You do not eat or drink.
Your flesh is vulnerable to fire.
You are immune to poison.
Your flesh is cold resistant. (rC+)
You are immune to negative energy. (rN+++)
You are immune to unholy pain and torment.
You can survive without breathing.


Message History

You barely miss the orc.
The orc is moderately wounded.
The orc hits you with a falchion.
* * * LOW HITPOINT WARNING * * *
Unknown command.
Casting: Flame Tongue
Confirm with . or Enter, or press ? or * to list all spells.
Aiming: Flame Tongue
Press: ? - help, Shift-Dir - straight line, f/p - orc
Aim: an orc, wielding a falchion and wearing a leather armour (moderately wounded)
You miscast Flame Tongue.
You are very lightly contaminated with residual magic.
Nothing appears to happen.
The orc hits you with a falchion.
* * * LOW HITPOINT WARNING * * *
The orc closely misses you. The orc hits you with a falchion.
* * * LOW HITPOINT WARNING * * *
You climb upwards.
There is a stone staircase leading down here.
The orc hits you with a falchion.
You die...

###########
#.........#
######.........###
#....'.........'..
#.####.........###
#.####.........###
#oo).'......._.'..
#@####.........###
#.# #.........#
#.# #.........#
#.##############
#.........#
#.........#
#.......(.#
#.........#
#.#########


You could see 2 orcs.

Vanquished Creatures
  2 orc priests
  An orc wizard (D:3)
  4 gnolls (D:2)
  4 adders
  2 oozes (D:1)
  2 worms (D:2)
  3 dart slugs
  4 leopard geckos
  3 orcs
  5 giant cockroaches
  2 goblins
  10 hobgoblins
  3 jackals (D:3)
  8 kobolds
  2 ball pythons (D:2)
  6 bats
  2 frilled lizards (D:2)
  7 rats
70 creatures vanquished.

Notes
Turn   | Place    | Note
-------+----------+-------------------------------------------
     0 | D:1      | empire the Mummy Fire Elementalist began the quest for the Orb.
     0 | D:1      | Reached XP level 1. HP: 13/13 MP: 4/4
    97 | D:1      | Reached skill level 1 in Conjurations
   321 | D:1      | Reached XP level 2. HP: 12/19 MP: 3/5
   657 | D:1      | Reached skill level 3 in Fire Magic
   711 | D:1      | Learned a level 2 spell: Throw Flame
   895 | D:1      | Reached XP level 3. HP: 24/24 MP: 5/7
  1592 | D:1      | Learned a level 3 spell: Conjure Flame
  1948 | D:2      | Found an ancient bone altar of Kikubaaqudgha.
  2265 | D:2      | Reached XP level 4. HP: 30/30 MP: 5/8
  2325 | D:2      | Found a burning altar of Makhleb.
  3283 | D:3      | Reached XP level 5. HP: 35/35 MP: 7/9
  3875 | D:2      | Learned a level 4 spell: Sticky Flame
  3977 | D:3      | Reached skill level 4 in Fire Magic
  4008 | D:3      | HP: 1/35 [orc/falchion (2)]
  4010 | D:2      | Slain by an orc

Skill      XL: |  1  2  3  4  5 |
---------------+----------------+-----
Conjurations   | 1 2 3 |  3.1
Fire Magic     | 3 4 |  4.0
Spellcasting   | 3 |  3.7
Dodging        | |  1.5
Stealth        | |  1.5

Action                   |  1- 3 |  4- 6 || total
-------------------------+-------+-------++-------
Melee: Unarmed           |     6 |       ||     6
       Dagger            |       |    42 ||    42
 Cast: Flame Tongue      |    50 |    55 ||   105
       Throw Flame       |    11 |    19 ||    30
  Use: Scroll            |       |     1 ||     1
Armor: Robe              |     4 |    15 ||    19
Dodge: Dodged            |    24 |    54 ||    78
